BSA
NASSAU ROCKETS @ IRVINE GANG GREEN
05/22/2027
 
TOP OF THE 1ST
Nassau Rockets batting - Pitching for Irvine Gang Green : RHP Cris Rincón
Pitching: RHP Cris Rincón
Batting: SHB Howard Parker 0-0: Ball
1-0: Called Strike
1-1: Foul Ball, location: 2F
1-2: Ball
2-2: Foul Ball, location: 2F
2-2: Ball
3-2: Foul Ball, location: 2F
3-2: Foul Ball, location: 2F
3-2: Foul Ball, location: 2F
3-2: Base on Balls
Batting: LHB Don Ramey 0-0: Called Strike
0-1: DOUBLE (Groundball, 3L)
Howard Parker to third
Batting: LHB Doug Thompson 0-0: Foul Ball, location: 2F
0-1: Ball
1-1: Ball
2-1: Ground out 4-3 (Groundball, 4)
Howard Parker scores
Don Ramey to third
Batting: LHB Wilson Allen 0-0: Ball
1-0: Ball
2-0: Ball
3-0: Called Strike
3-1: Called Strike
3-2: Strikes out swinging
Batting: LHB Bob Martin 0-0: Ball
1-0: Foul Ball, location: 2F
1-1: Foul Ball, location: 2F
1-2: Ball
2-2: Fly out, F8 (Flyball, 8RM)
Top of the 1st over - 1 run(s), 1 hit(s), 0 error(s), 1 left on base; Nassau 1 - Irvine 0
BOTTOM OF THE 1ST
Irvine Gang Green batting - Pitching for Nassau Rockets : RHP Suezo Morimoto
Pitching: RHP Suezo Morimoto
Batting: LHB Jesús Campos 0-0: Called Strike
0-1: Swinging Strike
0-2: Strikes out looking
Batting: LHB Jorge Martínez 0-0: Foul Ball, location: 2F
0-1: Foul Ball, location: 2F
0-2: Ball
1-2: Ball
2-2: Ground out 4-3 (Groundball, 34D)
Batting: RHB José Salazar 0-0: Ball
1-0: Ball
2-0: Ball
3-0: Base on Balls
Batting: LHB Víctor Quiñones 0-0: Called Strike
0-1: Called Strike
0-2: Foul Ball, location: 2F
0-2: Ball
1-2: Fielders Choice at 2nd, 4-6 (Groundball, 4)
Bottom of the 1st over - 0 run(s), 0 hit(s), 0 error(s), 0 left on base; Nassau 1 - Irvine 0
TOP OF THE 2ND
Nassau Rockets batting - Pitching for Irvine Gang Green : RHP Cris Rincón
Batting: LHB Andrew Alvarado 0-0: Swinging Strike
0-1: Ball
1-1: Called Strike
1-2: Ball
2-2: Ground out 6-3 (Groundball, 6)
Batting: RHB Salvador Borbón 0-0: Ball
1-0: Fly out, F8 (Flyball, 8LM)
Batting: SHB Pepe Piña 0-0: Called Strike
0-1: Ground out 6-3 (Groundball, 56D)
Top of the 2nd over - 0 run(s), 0 hit(s), 0 error(s), 0 left on base; Nassau 1 - Irvine 0
BOTTOM OF THE 2ND
Irvine Gang Green batting - Pitching for Nassau Rockets : RHP Suezo Morimoto
Batting: LHB Leonardo Medina 0-0: Ball
1-0: Called Strike
1-1: Foul Ball, location: 2F
1-2: Ball
2-2: Ball
3-2: Fly out, F3 (Popup, 3S)
Batting: LHB Tony Tavárez 0-0: Called Strike
0-1: Ball
1-1: Ground out 4-3 (Groundball, 4)
Batting: LHB José Sánchez 0-0: Ball
1-0: Ball
2-0: Called Strike
2-1: DOUBLE (Line Drive, 9LS)
Batting: RHB Raúl Salas 0-0: Foul Ball, location: 2F
0-1: Ground out 6-3 (Groundball, 6)
Bottom of the 2nd over - 0 run(s), 1 hit(s), 0 error(s), 1 left on base; Nassau 1 - Irvine 0
TOP OF THE 3RD
Nassau Rockets batting - Pitching for Irvine Gang Green : RHP Cris Rincón
Batting: RHB Pete Harvey 0-0: Fly out, F8 (Flyball, 89S)
Batting: SHB Howard Parker 0-0: Ball
1-0: Ball
2-0: Ball
3-0: Base on Balls
Batting: LHB Don Ramey 0-0: Swinging Strike
0-1: Ball
1-1: Ball
2-1: Swinging Strike
2-2: Ball
3-2: SINGLE (Line Drive, 4MD)
Howard Parker to second
Batting: LHB Doug Thompson 0-0: Foul Ball, location: 2F
0-1: Ball
1-1: Ball
2-1: Ball
3-1: Foul Ball, location: 2F
3-2: Foul Ball, location: 2F
3-2: Fly out, F9 (Flyball, 9LM)
Batting: LHB Wilson Allen 0-0: Ball
1-0: Foul Ball, location: 2F
1-1: Ball
2-1: Foul Ball, location: 2F
2-2: Strikes out swinging
Top of the 3rd over - 0 run(s), 1 hit(s), 0 error(s), 2 left on base; Nassau 1 - Irvine 0
BOTTOM OF THE 3RD
Irvine Gang Green batting - Pitching for Nassau Rockets : RHP Suezo Morimoto
Batting: RHB Aaron Wilson 0-0: Called Strike
0-1: Ball
1-1: Ball
2-1: Ground out 4-3 (Groundball, 4)
Batting: LHB Jesús Campos 0-0: Ball
1-0: Ball
2-0: Ball
3-0: Base on Balls
Batting: LHB Jorge Martínez 0-0: Ball
1-0: Ball
2-0: Ball
3-0: Called Strike
3-1: Called Strike
3-2: Base on Balls
Jesús Campos to second
Batting: RHB José Salazar 0-0: Called Strike
0-1: Foul Ball, location: 2F
0-2: Foul Ball, location: 2F
0-2: Foul Ball, location: 2F
0-2: Ball
1-2: Ball
2-2: Fly out, F7 (Line Drive, 7)
Batting: LHB Víctor Quiñones 0-0: Ball
1-0: Called Strike
1-1: Ball
2-1: Swinging Strike
2-2: Ball
3-2: Fly out, F7 (Line Drive, 78M)
Bottom of the 3rd over - 0 run(s), 0 hit(s), 0 error(s), 2 left on base; Nassau 1 - Irvine 0
TOP OF THE 4TH
Nassau Rockets batting - Pitching for Irvine Gang Green : RHP Cris Rincón
Batting: LHB Bob Martin 0-0: Ball
1-0: Ball
2-0: Called Strike
2-1: Ball
3-1: SOLO HOME RUN (Flyball, 8RXD), Distance : 454 ft
Batting: LHB Andrew Alvarado 0-0: Called Strike
0-1: SINGLE (Groundball, 6MD)
Batting: RHB Salvador Borbón 0-0: Ball
Andrew Alvarado steals 2nd base
1-0: Foul Ball, location: 2F
1-1: Swinging Strike
1-2: Strikes out looking
Batting: SHB Pepe Piña 0-0: Called Strike
0-1: SINGLE (Groundball, 34D)
Andrew Alvarado to third
Runner from 3rd tries for Home, SAFE, no throw
Batting: RHB Pete Harvey 0-0: Foul Ball, location: 2F
0-1: Ball
1-1: SINGLE (Groundball, 6MD)
Pepe Piña to second
Batting: SHB Howard Parker 0-0: Ball
1-0: Ball
2-0: Ball
3-0: Called Strike
3-1: Foul Ball, location: 2F
3-2: Foul Ball, location: 2F
3-2: Base on Balls
Pepe Piña to third
Pete Harvey to second
Batting: LHB Don Ramey 0-0: Called Strike
0-1: Ball
1-1: Foul Ball, location: 2F
1-2: Foul Ball, location: 2F
1-2: Ball
2-2: Ball
3-2: DOUBLE (Line Drive, 78D)
Pepe Piña scores
Pete Harvey scores
Howard Parker to third
Runner from 3rd tries for Home, SAFE, no throw
Batting: LHB Doug Thompson 0-0: Ball
1-0: Foul Ball, location: 2F
1-1: 2-RUN HOME RUN (Flyball, 9D), Distance : 407 ft
Pitching: RHP Howard Green
Batting: LHB Wilson Allen 0-0: Called Strike
0-1: Ground out 5-3 (Groundball, 56)
Batting: LHB Bob Martin 0-0: Ball
1-0: SOLO HOME RUN (Flyball, 89XD), Distance : 429 ft
Batting: LHB Andrew Alvarado 0-0: Ball
1-0: Swinging Strike
1-1: Foul Ball, location: 2F
1-2: Ground out 6-3 (Groundball, 6)
Top of the 4th over - 8 run(s), 7 hit(s), 0 error(s), 0 left on base; Nassau 9 - Irvine 0
BOTTOM OF THE 4TH
Irvine Gang Green batting - Pitching for Nassau Rockets : RHP Suezo Morimoto
Batting: LHB Leonardo Medina 0-0: Ball
1-0: Foul Ball, location: 2F
1-1: Fly out, F9 (Line Drive, 9D)
Batting: LHB Tony Tavárez 0-0: SINGLE (Groundball, 34D)
Batting: LHB José Sánchez 0-0: Called Strike
0-1: Foul Ball, location: 2F
0-2: Ball
Tony Tavárez steals 2nd base
1-2: Foul Ball, location: 2F
1-2: Ball
2-2: Ball
3-2: Base on Balls
Batting: RHB Raúl Salas 0-0: Grounds into double play, 6-4-3 (Groundball, 6M)
Bottom of the 4th over - 0 run(s), 1 hit(s), 0 error(s), 1 left on base; Nassau 9 - Irvine 0
TOP OF THE 5TH
Nassau Rockets batting - Pitching for Irvine Gang Green : RHP Howard Green
Batting: RHB Salvador Borbón 0-0: Called Strike
0-1: Ball
1-1: Ball
2-1: Ball
3-1: Foul Ball, location: 2F
3-2: SINGLE (Line Drive, 8LS)
Batting: SHB Pepe Piña 0-0: Ball
1-0: Ground out U3 (Groundball, 3S)
Salvador Borbón to second
Batting: RHB Pete Harvey 0-0: Foul Ball, location: 2F
0-1: Ball
1-1: Swinging Strike
1-2: Ball
2-2: Ball
3-2: Strikes out swinging
Batting: SHB Howard Parker 0-0: Ball
1-0: Foul Ball, location: 2F
1-1: Called Strike
1-2: Strikes out swinging
Top of the 5th over - 0 run(s), 1 hit(s), 0 error(s), 1 left on base; Nassau 9 - Irvine 0
BOTTOM OF THE 5TH
Irvine Gang Green batting - Pitching for Nassau Rockets : RHP Suezo Morimoto
Batting: RHB Aaron Wilson 0-0: SINGLE (Groundball, 34D)
Batting: LHB Jesús Campos 0-0: SINGLE (Groundball, 4MD)
Aaron Wilson to second
Batting: LHB Jorge Martínez 0-0: Foul Ball, location: 2F
0-1: Ball
1-1: Ball
2-1: Called Strike
2-2: Ground out 4-3 (Groundball, 34D)
Aaron Wilson to third
Jesús Campos to second
Batting: RHB José Salazar 0-0: Ball
1-0: Called Strike
1-1: Foul Ball, location: 2F
1-2: SINGLE (Line Drive, 6M)
Aaron Wilson scores
Jesús Campos to third
Runner from 3rd tries for Home, throw and OUT!
José Salazar to second
Batting: LHB Víctor Quiñones 0-0: 2-RUN HOME RUN (Flyball, 9D), Distance : 437 ft
Batting: LHB Leonardo Medina 0-0: Called Strike
0-1: Ball
1-1: Called Strike
1-2: Ball
2-2: Foul Ball, location: 2F
2-2: Strikes out swinging
Bottom of the 5th over - 3 run(s), 4 hit(s), 0 error(s), 0 left on base; Nassau 9 - Irvine 3
TOP OF THE 6TH
Nassau Rockets batting - Pitching for Irvine Gang Green : RHP Howard Green
Batting: LHB Don Ramey 0-0: Called Strike
0-1: SINGLE (Groundball, 6D)
Batting: LHB Doug Thompson 0-0: Called Strike
0-1: Ball
1-1: SINGLE (Groundball, 34) (infield hit)
Don Ramey to second
Pitching: RHP Raúl Saltines
Batting: LHB Wilson Allen 0-0: SINGLE (Flyball, 89S)
Don Ramey to third
Doug Thompson to second
Batting: LHB Bob Martin 0-0: Foul Ball, location: 2F
0-1: Foul Ball, location: 2F
0-2: Strikes out swinging
Batting: LHB Andrew Alvarado 0-0: Called Strike
0-1: Ball
1-1: SINGLE (Groundball, 5D)
Don Ramey scores
Doug Thompson to third
Wilson Allen to second
Runner from 3rd tries for Home, SAFE, throw made home
Wilson Allen to third
Andrew Alvarado to second
Batting: RHB Salvador Borbón 0-0: Called Strike
0-1: Called Strike
0-2: Ball
1-2: Fly out, F7 (Flyball, 7)
Runner from 3rd tags up, OUT at HOME
Top of the 6th over - 2 run(s), 4 hit(s), 0 error(s), 1 left on base; Nassau 11 - Irvine 3
BOTTOM OF THE 6TH
Irvine Gang Green batting - Pitching for Nassau Rockets : RHP Suezo Morimoto
Batting: LHB Tony Tavárez 0-0: Ball
1-0: Ball
2-0: Called Strike
2-1: Called Strike
2-2: Foul Ball, location: 2F
2-2: Reached on error, E4 (Groundball, 4)
Batting: LHB José Sánchez 0-0: Foul Ball, location: 2F
0-1: Ball
1-1: Fly out, F8 (Flyball, 89M)
Batting: RHB Raúl Salas 0-0: Foul Ball, location: 2F
0-1: Grounds into double play, 4-6-3 (Groundball, 4)
Bottom of the 6th over - 0 run(s), 0 hit(s), 1 error(s), 0 left on base; Nassau 11 - Irvine 3
TOP OF THE 7TH
Nassau Rockets batting - Pitching for Irvine Gang Green : RHP Raúl Saltines
Batting: SHB Pepe Piña 0-0: Called Strike
0-1: Called Strike
0-2: Ball
1-2: Foul Ball, location: 2F
1-2: Strikes out swinging, 2-3 out at first.
Batting: RHB Pete Harvey 0-0: Ball
1-0: Ball
2-0: Ground out 5-3 (Groundball, 56)
Batting: SHB Howard Parker 0-0: Ball
1-0: Called Strike
1-1: Ball
2-1: Foul Ball, location: 2F
2-2: Reached on error, E4 (Groundball, 4)
Batting: LHB Don Ramey 0-0: Called Strike
0-1: Ball
1-1: Ball
2-1: Ball
3-1: Foul Ball, location: 2F
3-2: Fly out, F8 (Flyball, 8LD)
Top of the 7th over - 0 run(s), 0 hit(s), 1 error(s), 1 left on base; Nassau 11 - Irvine 3
BOTTOM OF THE 7TH
Irvine Gang Green batting - Pitching for Nassau Rockets : RHP Suezo Morimoto
Pitching: RHP Nolan Baker
Batting: RHB Aaron Wilson 0-0: Ball
1-0: SINGLE (Groundball, 56D)
Batting: LHB Jesús Campos 0-0: Called Strike
0-1: Foul Ball, location: 2F
0-2: Foul Ball, location: 2F
0-2: Ball
1-2: Strikes out looking
Batting: LHB Jorge Martínez Pickoff Throw to First - Out!
0-0: Ball
1-0: Called Strike
1-1: Foul Ball, location: 2F
1-2: Ball
2-2: Fly out, F6 (Popup, 6)
Bottom of the 7th over - 0 run(s), 1 hit(s), 0 error(s), 0 left on base; Nassau 11 - Irvine 3
TOP OF THE 8TH
Nassau Rockets batting - Pitching for Irvine Gang Green : RHP Raúl Saltines
Batting: LHB Doug Thompson 0-0: Ball
1-0: Ground out 4-3 (Groundball, 4)
Pinch Hitting: RHB Ed Sims 0-0: Foul Ball, location: 2F
0-1: SINGLE (Groundball, 56D)
Batting: LHB Bob Martin 0-0: Called Strike
0-1: Ball
1-1: Called Strike
1-2: Ball
2-2: Ball
3-2: Base on Balls
Ed Sims to second
Batting: LHB Andrew Alvarado 0-0: Foul Ball, location: 2F
0-1: Foul Ball, location: 2F
0-2: Ball
1-2: Ball
2-2: Ball
3-2: Fielders Choice at 2nd, 6-4 (Groundball, 56)
Ed Sims to third
Batting: RHB Salvador Borbón 0-0: Ball
1-0: Swinging Strike
1-1: Ball
2-1: SINGLE (Flyball, 8LS)
Ed Sims scores
Andrew Alvarado to second
Pitching: LHP Yu-shu Kong
Batting: SHB Pepe Piña 0-0: Ball
1-0: Called Strike
1-1: Foul Ball, location: 2F
1-2: Ball
2-2: Ball
3-2: Strikes out swinging
Top of the 8th over - 1 run(s), 2 hit(s), 0 error(s), 2 left on base; Nassau 12 - Irvine 3
BOTTOM OF THE 8TH
Irvine Gang Green batting - Pitching for Nassau Rockets : RHP Nolan Baker
Now at 1B: Ed Sims
Batting: RHB José Salazar 0-0: Ball
1-0: Ball
2-0: Ball
3-0: Ground out 5-3 (Groundball, 56)
Batting: LHB Víctor Quiñones 0-0: Foul Ball, location: 2F
0-1: Called Strike
0-2: Strikes out looking
Batting: LHB Leonardo Medina 0-0: Ball
1-0: Ball
2-0: Called Strike
2-1: Called Strike
2-2: Fly out, F7 (Flyball, 7LS)
Bottom of the 8th over - 0 run(s), 0 hit(s), 0 error(s), 0 left on base; Nassau 12 - Irvine 3
TOP OF THE 9TH
Nassau Rockets batting - Pitching for Irvine Gang Green : LHP Yu-shu Kong
Batting: RHB Pete Harvey 0-0: Called Strike
0-1: Ball
1-1: SINGLE (Groundball, 56D)
Batting: SHB Howard Parker 0-0: Ball
1-0: TRIPLE (Line Drive, 8LXD)
Pete Harvey scores
Batting: LHB Don Ramey 0-0: Called Strike
0-1: Ball
Balk!
Howard Parker scores
1-1: Ball
2-1: Ball
3-1: Base on Balls
Batting: LHB Doug Thompson 0-0: Ball
1-0: Called Strike
1-1: Ball
2-1: Fly out, F6 (Line Drive, 56)
Batting: RHB Ed Sims 0-0: Ball
1-0: Foul Ball, location: 2F
1-1: Ball
2-1: DOUBLE (Line Drive, 9LM)
Don Ramey to third
Batting: LHB Bob Martin 0-0: Called Strike
0-1: Ball
1-1: Foul Ball, location: 2F
1-2: Ball
2-2: Ball
3-2: Base on Balls
Batting: LHB Andrew Alvarado 0-0: Ball
1-0: Ball
2-0: Swinging Strike
2-1: Ball
3-1: Foul Ball, location: 2F
3-2: Ground out 5-3 (Groundball, 56S)
Don Ramey scores
Ed Sims to third
Bob Martin to second
Pitching: RHP Mike Fisher
Batting: RHB Salvador Borbón 0-0: Ball
1-0: Ball
2-0: Reached via error on a dropped throw, E1
Ed Sims scores
Bob Martin to third
Batting: SHB Pepe Piña 0-0: Called Strike
0-1: Called Strike
0-2: Ball
1-2: Foul Ball, location: 2F
1-2: Strikes out looking
Top of the 9th over - 4 run(s), 3 hit(s), 1 error(s), 2 left on base; Nassau 16 - Irvine 3
BOTTOM OF THE 9TH
Irvine Gang Green batting - Pitching for Nassau Rockets : RHP Nolan Baker
Batting: LHB Tony Tavárez 0-0: Called Strike
0-1: Called Strike
0-2: Ball
1-2: Strikes out looking
Batting: LHB José Sánchez 0-0: Swinging Strike
0-1: Ball
1-1: Ball
2-1: Swinging Strike
2-2: Strikes out swinging
Batting: RHB Raúl Salas 0-0: Ball
1-0: Called Strike
1-1: DOUBLE (Line Drive, 7LM)
Pinch Runner at 2nd Tom Doherty:
Batting: RHB Aaron Wilson 0-0: Ball
1-0: Ground out 1-3 (Groundball, 13S)
Bottom of the 9th over - 0 run(s), 1 hit(s), 0 error(s), 1 left on base; Nassau 16 - Irvine 3
Thursday, March 30th, 2017 - OOTP Baseball 17.12 Build 75